 Dungeon Crawl Stone Soup version 0.27-a0-1532-gca18f49f40 (webtiles) character file.

Game seed: 3402114116409941570

3335 nyamberluvr69 the Covert (level 10, -14/109 HPs)
             Began as an Octopode Berserker on July 12, 2021.
             Was an Elder of Trog.
             Demolished by an orc warrior (21 damage)
             ... on level 9 of the Dungeon.
             The game lasted 00:11:55 (7909 turns).

nyamberluvr69 the Covert (Octopode Berserker)       Turns: 7909, Time: 00:11:56

Health: -14/109    AC:  1    Str: 16    XL:     10   Next: 2%
Magic:  10/10      EV: 14    Int: 10    God:    Trog [****..]
Gold:   142        SH:  0    Dex: 15    Spells: 9/9 levels left

rFire    . . .     SeeInvis .   z - +2 great sword (flame)
rCold    . . .     Faith    .   (shield currently unavailable)
rNeg     . . .     Spirit   .   (helmet restricted)
rPois    .         Reflect  .   (no amulet)
rElec    .         Harm     .   (no ring)
rCorr    .         Rampage  .   (no ring)
Will     ++...                  (no ring)
Stlth    ..........             (no ring)
HPRegen  1.28/turn              (no ring)
MPRegen  0.12/turn              (no ring)
                                (no ring)
                                (no ring)

@: berserking (expiring), strong-willed, regenerating, very quick
A: almost no armour, amphibious, 8 rings, camouflage 1, gelatinous body 1,
(nimble swimmer 1), tentacles
a: Renounce Religion, Berserk, Trog's Hand, Brothers in Arms


You were on level 9 of the Dungeon.
You worshipped Trog.
Trog was greatly pleased with you.
You visited 1 branch of the dungeon, and saw 9 of its levels.

You collected 464 gold pieces.
You spent 322 gold pieces at shops.

Inventory:

Hand Weapons
 a - a +0 falchion
 o - a +0 long sword
 y - a +3 falchion of freezing
 z - a +2 great sword of flaming (weapon)
Missiles
 k - a throwing net (quivered)
Jewellery
 t - the ring "Pomaw" {Str+6 Stlth+}
   (You found it on level 7 of the Dungeon)

   [ring of strength]

   Str:       It affects your strength (+6).
   Stlth:     It makes you more stealthy.
 A - a ring of flight
 D - a ring of resist corrosion
Wands
 x - a wand of paralysis (7)
Scrolls
 b - 3 scrolls of enchant weapon
 e - a scroll of torment
 f - 3 scrolls of fog {unknown}
 h - 5 scrolls of teleportation
 i - 3 scrolls of immolation {unknown}
 m - 3 scrolls of magic mapping {unknown}
 n - a scroll of holy word {unknown}
 s - 3 scrolls of summoning {unknown}
 u - a scroll of acquirement {unknown}
 v - 2 scrolls of fear {unknown}
 w - a scroll of amnesia {unknown}
 C - a scroll of enchant armour {unknown}
 E - a scroll of blinking {unknown}
Potions
 c - 2 potions of heal wounds
 d - a potion of ambrosia {unknown}
 g - a potion of lignification
 j - a potion of resistance
 l - 2 potions of flight
 p - 7 potions of curing
 q - a potion of magic {unknown}
 r - a potion of berserk rage
 B - a potion of might {unknown}
 F - a potion of mutation {unknown}


   Skills:
 + Level 8.8 Fighting
 + Level 8.8 Long Blades
 - Level 3.0 Dodging
 - Level 10.6 Stealth


You had 9 spell levels left.
You didn't know any spells.
Your spell library was empty.

Dungeon Overview and Level Annotations

Branches:
Dungeon (9/15)             Temple (0/1) D:6
   Lair: D:8-11         Orc: D:9-12

Altars:
Ashenzari
Cheibriados
Dithmenos
Elyvilon
Ru
Sif Muna
Vehumet
Wu Jian

Shops:
D:2 :   D:4 ?*   D:6 *!


Innate Abilities, Weirdness & Mutations

You cannot wear most types of armour.
You are amphibious.
You can wear up to eight rings at the same time.
Your skin changes colour to match your surroundings (Stealth+).
Your rubbery body absorbs attacks. (AC +1, EV +1)
((You are camouflaged near water. (Stealth+)))
You have tentacles for arms and can constrict up to eight enemies at once.


Message History

Deactivating autopickup; reactivate with Ctrl-A.
The orc warrior throws a boomerang.
The boomerang hits you!
You hear some strange, mumbled words.
A puff of flame appears from out of thin air!
The puff of flame hits you.
The orc warrior throws a boomerang.
The boomerang barely misses you.
Things that are here:
a +1 dagger of venom; a +0 robe; an orc corpse You miss something.
The orc closely misses you. Something hits you.
The orc warrior hits you from afar with a +0 trident!
You closely miss something. You squeeze something. The orc misses you.
Something hits you.
The orc warrior throws a boomerang.
The boomerang hits you! The orc hits you with a +0 hand axe.
Something hits you but does no damage.
The orc warrior hits you from afar with a +0 trident!
* * * LOW HITPOINT WARNING * * *
Unknown command.
A red film seems to cover your vision as you go berserk!
You feel yourself moving faster!
You feel mighty! The orc misses you. Something hits you.
* * * LOW HITPOINT WARNING * * *
The orc warrior throws a boomerang.
The boomerang misses you.
You slice something!! You burn something. Trog accepts your kill.
Trog appreciates your killing of a magic user.
Reactivating autopickup.
You feel a bit more experienced. The orc hits you with a +0 hand axe.
* * * LOW HITPOINT WARNING * * *
You slice the orc!! You burn the orc.
You kill the orc!
Trog accepts your kill.
You can now call in reinforcements.
The orc warrior throws a boomerang.
The boomerang hits you!
* * * LOW HITPOINT WARNING * * *
The orc warrior hits you with a +0 trident!
* * * LOW HITPOINT WARNING * * *
You barely miss the orc warrior. You grab the orc warrior.
You squeeze the orc warrior.
The orc warrior is lightly wounded.
You constrict the orc warrior.
The orc warrior hits you with a +0 trident!!
You die...

....'.......#
....##'###+###.......#
..###..##...##.......#
..#.....#............##.
..#.....#....>.........
..#.....#...##.......# .
#.....#...##.......#
#.....+.......)....#
#.....#......)@....#
#....##...##..)o....+
#....##...##........#
#.........###########
#.........#
#.............
##+#########.. .. .


You could see an orc warrior.

Vanquished Creatures
  2 kobold demonologists (D:9)
  A troll (D:9)
  A wyvern (D:6)
  A steam dragon (D:8)
  2 water moccasins
  3 ice beasts
  3 necrophages
  3 ogres
  A phantom (D:5)
  A centaur (D:6)
  2 kobold brigands (D:9)
  A bullfrog (D:7)
  A water moccasin zombie (D:5)
  2 scorpions
  A wyvern skeleton (D:7)
  4 wights (D:6)
  A howler monkey (D:7)
  A centaur zombie (D:6)
  3 hounds
  A bullfrog zombie (D:5)
  A centaur skeleton (D:6)
  2 jellies
  2 orc wizards (D:9)
  A killer bee zombie (D:7)
  A howler monkey zombie (D:8)
  A howler monkey skeleton (D:5)
  12 gnolls
  7 adders
  A white imp (D:7)
  3 worms
  2 dart slugs
  2 orcs
  8 endoplasms
  A giant cockroach (D:1)
  4 goblins
  7 hobgoblins
  2 jackals (D:4)
  4 quokkas
  6 ball pythons
  3 bats
  A frilled lizard (D:1)
  5 kobolds
  14 rats
125 creatures vanquished.

Notes
Turn   | Place    | Note
-------+----------+-------------------------------------------
     0 | D:1      | nyamberluvr69 the Octopode Berserker began the quest for
                  | the Orb.
     0 | D:1      | Reached XP level 1. HP: 16/16 MP: 1/1
    41 | D:1      | Reached skill level 1 in Stealth
    60 | D:1      | Reached skill level 2 in Stealth
    62 | D:1      | Reached XP level 2. HP: 13/21 MP: 2/2
   289 | D:1      | You fall into a shaft and drop 1 floor!
   297 | D:2      | Reached skill level 3 in Stealth
   520 | D:2      | Reached skill level 4 in Stealth
   520 | D:2      | Reached XP level 3. HP: 15/26 MP: 3/3
   742 | D:1      | Reached ** piety under Trog
  1031 | D:1      | Found a white marble altar of Elyvilon.
  1240 | D:2      | Reached skill level 5 in Stealth
  1240 | D:2      | Reached XP level 4. HP: 19/31 MP: 4/4
  1406 | D:2      | Found Hichoam's Book Shop.
  1740 | D:2      | Reached skill level 6 in Stealth
  1898 | D:2      | Found a faded altar of an unknown god.
  2806 | D:3      | Reached XP level 5. HP: 30/36 MP: 5/5
  3109 | D:4      | Noticed an ogre
  3115 | D:4      | Noticed a necrophage
  3119 | D:4      | Killed an ogre
  3120 | D:4      | Reached skill level 7 in Stealth
  3131 | D:4      | Killed a necrophage
  3132 | D:4      | Reached skill level 8 in Stealth
  3132 | D:4      | Reached XP level 6. HP: 14/42 MP: 6/6
  3354 | D:4      | Found Ciapp's Magic Scroll Boutique.
  3393 | D:4      | Bought a scroll of identify for 28 gold pieces
  3393 | D:4      | Bought a scroll of identify for 28 gold pieces
  3521 | D:4      | Reached skill level 9 in Stealth
  3566 | D:4      | Found Ypnux's Overcharged Wands.
  3769 | D:4      | Found a shadowy altar of Dithmenos.
  3960 | D:5      | Entered Level 5 of the Dungeon
  4000 | D:5      | Found a snail-covered altar of Cheibriados.
  4007 | D:5      | Noticed an ice beast
  4037 | D:5      | Killed an ice beast
  4038 | D:5      | Reached skill level 10 in Stealth
  4038 | D:5      | Reached XP level 7. HP: 46/46 MP: 7/7
  4236 | D:5      | Reached *** piety under Trog
  4525 | D:5      | Found a sacrificial altar of Ru.
  4685 | D:5      | Found a shimmering blue altar of Sif Muna.
  4759 | D:5      | Reached XP level 8. HP: 50/54 MP: 8/8
  4895 | D:6      | Noticed a wyvern
  4906 | D:6      | Killed a wyvern
  4907 | D:6      | Found a radiant altar of Vehumet.
  5134 | D:6      | Reached skill level 5 in Fighting
  5134 | D:6      | Reached skill level 5 in Long Blades
  5232 | D:6      | Found a staircase to the Ecumenical Temple.
  5375 | D:6      | Found Kuthru Ocvaru's Assorted Antiques.
  5378 | D:6      | Found Goyguewk's Distillery.
  5526 | D:6      | Bought a scroll of identify for 44 gold pieces
  5526 | D:6      | Bought a runed diamond ring for 110 gold pieces
  5532 | D:6      | Bought a potion of curing for 42 gold pieces
  5532 | D:6      | Bought a potion of heal wounds for 70 gold pieces
  5925 | D:6      | Reached XP level 9. HP: 63/63 MP: 9/9
  6801 | D:7      | Identified the ring "Pomaw" {Str+6 Stlth+}
  7560 | D:8      | Found an ornate altar of the Wu Jian Council.
  7572 | D:8      | Found a broken altar of Ashenzari.
  7615 | D:9      | Noticed a kobold demonologist
  7616 | D:9      | Noticed a kobold demonologist
  7618 | D:9      | Killed a kobold demonologist
  7621 | D:9      | Killed a kobold demonologist
  7625 | D:9      | Reached **** piety under Trog
  7724 | D:9      | Noticed a troll
  7730 | D:9      | Killed a troll
  7731 | D:9      | Reached XP level 10. HP: 51/73 MP: 10/10
  7909 | D:9      | Demolished by an orc warrior

Illustrated notes

Levels and vault maps discovered:
D:1:      saegor_arrival_simple_c, layout_rooms, minmay_fountain_box,
          minmay_misc_feat_cross, kennysheep_flooded_box, glass_columns_b,
          minmay_pentomino_u2
D:2:      layout_basic, shapermc_ecumenical_altar_venn, serial_shops, shop
D:3:      layout_basic
D:4:      layout_cave_pools, grunt_dithmenos_smoke_and_mirrors, serial_shops,
          shop, nicolae_shop_overcharged_wands
D:5:      layout_cave_pools, lemuel_crystal_altar, amcnicky_altar_gilded,
          overflow_temple_1_default
D:6:      layout_basic, mainiacjoe_overflow_cross_hatched,
          minmay_temple_entry_hall, nicolae_wooded_promenade
D:7:      layout_basic
D:8:      layout_basic, mainiacjoe_overflow_big_doors
D:9:      layout_gridville

Skill      XL: |  1  2  3  4  5  6  7  8  9 |
---------------+----------------------------+-----
Stealth        | 2 4 5 6 8 10 | 10.6
Fighting       | 4 6 8 |  8.8
Long Blades    | 4 6 8 |  8.8
Dodging        | |  3.0

Action                   |  1- 3 |  4- 6 |  7- 9 | 10-12 || total
-------------------------+-------+-------+-------+-------++-------
Melee: Falchion          |    50 |    44 |     2 |       ||    96
       Constrict         |    13 |    19 |    28 |     1 ||    61
       Tentacles         |     7 |    23 |    32 |     2 ||    64
       Long sword        |       |    17 |    53 |       ||    70
       Great sword       |       |       |    53 |     6 ||    59
Invok: Berserk           |     1 |     4 |     4 |     1 ||    10
       Trog's Hand       |       |       |       |     1 ||     1
  Use: Scroll            |       |     4 |     5 |       ||     9
 Stab: Sleeping          |    10 |    13 |    18 |     1 ||    42
       Distracted        |     1 |       |     2 |       ||     3
Armor: Skin              |     4 |     2 |     7 |     1 ||    14
Dodge: Dodged            |    26 |    34 |    73 |     5 ||   138
       Rpst.: Falchion   |    12 |    10 |       |       ||    22
       Long sword        |       |     2 |    14 |       ||    16
       Great sword       |       |       |    11 |       ||    11

Table legend: (Time is in decaauts)
 A = Elapsed time spent in this place.
 B = Non-inter-level travel time spent in this place.
 C = Inter-level travel time spent in this place.
 D = Time resting spent in this place.
 E = Time spent auto-exploring this place.
 F = Levels seen in this place.
 G = Mean time per level.
                   A        B        C        D        E       F      G
               +--------+--------+--------+--------+--------+-----+--------+
         Total |   8039 |   7922 |    117 |   2489 |   4412 |   9 |  893.2 |
       Dungeon |   8039 |   7922 |    117 |   2489 |   4412 |   9 |  893.2 |
               +--------+--------+--------+--------+--------+-----+--------+

Top non-repeatable levels by time:
     D:2: 1352 daAuts
     D:3: 1247 daAuts
     D:6: 1167 daAuts
     D:7: 968 daAuts
     D:5: 933 daAuts
     D:1: 780 daAuts
     D:8: 646 daAuts
     D:4: 639 daAuts
     D:9: 304 daAuts
